cohdb
Replays
Latest Replays
All Replays
Popular Replays
Top Player Replays
Match Explorer
How It Works
Community
CoH3 Stats
Reddit
Sign in to upload your games and track your stats! →
Sign in with Steam
Match 20395651
Unlisted
Match 20395651
Overview
Messages
Build Orders
End
Kettenkrad Recon Vehicle
Selects Italian Coastal Battlegroup
Selects Italian Coastal Battlegroup
Selects Italian Coastal Battlegroup
Selects Coastal Reserves
Coastal Reserve
Coastal Reserve
Coastal Reserve
Construct Infanterie Kompanie
Construct Panzergrenadier Kompanie
251 Medium Carrier
Selects Artillery Officer
Pak 40 Anti-tank Gun Team
Panzergrenadier Squad
Selects Designate Defensive Line
Panzergrenadier Officer Quarters
Designate Defensive Line
Artillery Officer
Medical Bunker
Construct Panzer Kompanie
Panzer IV Medium Tank
Selects Designated Artillery Overwatch
Panzer IV Medium Tank
Side Skirts
Designate Defensive Line
Enigmas
SpuD_FR
juand400
XDE
Raystag14
MR.DOGO-YT
Camaleon_46
Soldado Cachopo
0
0
Comments
sign in to comment!
No comments posted yet!